 Dungeon Crawl Stone Soup version 0.28-a0-247-gb8bfbab023 (console) character file.

Game seed: 947596787923005767

14284 jejorda2 the Slicer (level 12, -1/76 HPs)
             Began as a Tengu Berserker on Aug 25, 2021.
             Was a High Priest of Trog.
             Slain by a yak (9 damage)
             ... on level 1 of the Lair of Beasts.
             The game lasted 00:34:45 (9661 turns).

jejorda2 the Slicer (Tengu Berserker)               Turns: 9661, Time: 00:34:49

Health: -1/76      AC: 12    Str: 18    XL:     12   Next: 14%
Magic:  11/13      EV: 17    Int:  8    God:    Trog [*****.]
Gold:   816        SH: 11    Dex: 18    Spells: 11/11 levels left

rFire   . . .      SeeInvis +   a - +3 dagger (elec)
rCold   + . .      Faith    .   L - +0 kite shield
rNeg    . . .      Spirit   .   v - +1 ring mail of Kosunnoq {Contam +Blink rC+}
rPois   .          Reflect  .   c - +2 hat
rElec   +          Harm     .   (no cloak)
rCorr   .          Rampage  .   m - +2 pair of gloves
Will    .....                   (boots unavailable)
Stlth   ++........              o - amulet of regeneration
HPRegen 1.22/turn               A - ring of Yfehoys {rElec SInv}
MPRegen 0.13/turn               i - +4 ring of slaying

@: on berserk cooldown, flying quickly and evasively, slowed, studying
Evocations, very slow
A: beak, talons 3, nimble flight
a: Renounce Religion, Evoke Blink, Berserk, Trog's Hand, Brothers in Arms


You were on level 1 of the Lair of Beasts.
You worshipped Trog.
Trog was extremely pleased with you.
You visited 2 branches of the dungeon, and saw 12 of its levels.
You also visited: Sewer.

You collected 816 gold pieces.

Inventory:

Hand Weapons
 a - a +3 dagger of electrocution (weapon)
 b - a +4 scimitar of flaming
Missiles
 g - 72 sling bullets
 h - 26 boomerangs
 j - 4 throwing nets
 k - 3 silver boomerangs
 r - 411 stones
 y - 5 boomerangs of dispersal
 C - 25 poisoned darts (quivered)
 G - 2 javelins
Armour
 c - a +2 hat (worn)
 m - a +2 pair of gloves (worn)
 v - the +1 ring mail of Kosunnoq (worn) {Contam +Blink rC+}
   (You found it on level 4 of the Dungeon)

   rC:        It protects you from cold.
   +Blink:    It lets you blink.
   Contam:    It causes magical contamination when unequipped.
 L - a +0 kite shield (worn)
Jewellery
 i - a +4 ring of slaying (right hand)
 o - an amulet of regeneration (around neck)
 A - the ring of Yfehoys (left hand) {rElec SInv}
   (You acquired it on level 6 of the Dungeon)

   [ring of see invisible]

   rElec:     It insulates you from electricity.
   SInv:      It lets you see invisible.
 F - a ring of poison resistance
Wands
 n - a wand of mindburst (32)
 u - a wand of iceblast (25)
 D - a wand of acid (18)
 H - a wand of paralysis (9)
 I - a wand of polymorph (3)
 M - a wand of flame (6)
Scrolls
 d - 2 scrolls of fog
 B - 6 scrolls of teleportation
 E - 2 scrolls of blinking {unknown}
 J - a scroll of enchant weapon
 K - a scroll of identify
Potions
 e - 3 potions of berserk rage
 f - 3 potions of haste
 l - a potion of lignification
 p - a potion of attraction
 q - a potion of ambrosia
 t - 2 potions of heal wounds
 w - 4 potions of curing
 x - 2 potions of magic
 z - 4 potions of mutation


   Skills:
 - Level 9.0 Fighting
 - Level 9.3(10.3) Short Blades
 + Level 7.1(9.3) Long Blades
 - Level 6.0 Armour
 - Level 9.0 Dodging
 - Level 3.0 Stealth
 * Level 8.2 Shields
 - Level 6.0 Evocations


You had 11 spell levels left.
You didn't know any spells.
Your spell library was empty.

Dungeon Overview and Level Annotations

Branches:
Dungeon (11/15)            Temple (0/1) D:4            Lair (1/6) D:11
    Orc (0/2) D:9           Sewer (visited)

Altars:
Ashenzari
Cheibriados
Dithmenos
Elyvilon
Hepliaklqana
Kikubaaqudgha
Nemelex Xobeh
Uskayaw
Vehumet
Wu Jian
Zin
The Shining One
Beogh

Annotations:
D:5 2 transporters, Thraspic's ghost, weakling OpDe


Innate Abilities, Weirdness & Mutations

You have a beak for a mouth.
You have claws for feet.
Your magical nature lets you fly swiftly and evasively.


Message History

The water moccasin is severely wounded.
The iceblast engulfs the five-headed hydra!
The five-headed hydra is moderately wounded.
The iceblast engulfs the water moccasin!
The water moccasin is severely wounded.
The iceblast engulfs the cane toad!!
The cane toad is severely wounded.
You feel very sick. The water moccasin closely misses you.
A six-headed hydra comes into view.
You block the water moccasin's attack. The water moccasin closely misses you.
The six-headed hydra moves out of view.
You blink.
A yak and a cane toad come into view.
You feel sick.
The cane toad stings you but does no damage.
You fail to use your ability.
You feel sick.
The cane toad stings you but does no damage.
The six-headed hydra bites you but does no damage.
The six-headed hydra bites you!
* * * LOW HITPOINT WARNING * * *
The six-headed hydra closely misses you.
The six-headed hydra bites you!
* * * LOW HITPOINT WARNING * * *
The six-headed hydra completely misses you.
The six-headed hydra misses you. You block the cane toad's attack.
You block the water moccasin's attack.
You blink.
A seven-headed hydra comes into view.
You feel sick.
A yak comes into view.
Unknown command.
As you read the scroll labelled PAS NULEISEGOAZIU, it crumbles to dust.
You feel aware of your surroundings.
It was a scroll of magic mapping.
The sentinel's mark upon you fades away.
You feel sick.
You are no longer poisoned.
The water moccasin bites you but does no damage.
The yak gores you!
You die...

,,,,,,,,*
##..........##*,,,,,*
,,,,,,,,** #..........#
*,,,,** ,****,,,,*
##P...#.##.# ***,,** **
*,,,,** #####.....##*,,,,,* **
**,,,,**** ##...#..#.#,,,,,,,
,*
**,,,,*,*##..§......#,*,,,,,
***
*,*,*,,**#.F#S..8...+,*,8,,,
,,**
***,..#.##.YDSD.....#,,,,,*,
,,,*
**#......@#.#.#.#.#,,,,,,,
,,,** ##......S#.SD..##,,,,,,,
,,,,** ##......##F†###,***+***
*,,,,* #######D#.Y.#****,,,*,
**,,,*** *#...## *,,,,,*
*,,,,,**** ##.S# *8,>,8,
***,,,**,***** #†#.# *,,,,,*
**,,,,***,,****#?.##*****,8,**
***,,,,,,,,,,,...,,,,,,*,,,,*


You could see a seven-headed hydra, a six-headed hydra, a five-headed hydra, a
yak, a cane toad and 3 water moccasins.

Vanquished Creatures
  2 hydras
  Erica (D:11)
  4 two-headed ogres
  A kobold demonologist (D:10)
  4 trolls
  A hornet (D:8)
  Sigmund (D:4)
  2 shadows
  7 yaks
  3 wyverns
  2 basilisks (Lair:1)
  The ghost of robertstho the Magician, an amateur DjFE (D:3)
  3 steam dragons
  2 acid dragons
  3 water moccasins
  Purgy (Sewer)
  A sky beast (D:8)
  4 orc warriors
  2 necrophages
  5 wolves
  5 ogres
  A kobold brigand (D:9)
  6 bullfrogs
  4 gnoll sergeants
  A scorpion (D:5)
  A water moccasin zombie (D:5)
  6 killer bees
  3 howler monkeys (D:11)
  5 wights (D:10)
  7 electric eels (D:11)
  4 centaur zombies
  8 hounds
  4 jellies
  A bullfrog skeleton (D:6)
  An orc priest (D:2)
  2 centaur skeletons (D:6)
  6 orc wizards
  A hound skeleton (D:2)
  A howler monkey zombie (D:8)
  15 gnolls
  A howler monkey skeleton (D:5)
  6 adders
  A white imp (D:6)
  An adder skeleton (D:4)
  A worm (D:2)
  3 dart slugs
  38 orcs
  4 bats
  6 endoplasms
  2 giant cockroaches
  2 goblins (D:3)
  5 hobgoblins
  10 jackals
  17 kobolds
  9 quokkas
  9 ball pythons
  7 frilled lizards
  4 rats
258 creatures vanquished.

Vanquished Creatures (collateral kills)
  A two-headed ogre (D:10)
  A deep elf pyromancer (D:11)
  4 killer bees (D:10)
  A worm (D:5)
7 creatures vanquished.

Vanquished Creatures (others)
  2 fungi (Lair:1)
  5 plants
7 creatures vanquished.

Grand Total: 272 creatures vanquished

Notes
Turn   | Place    | Note
-------+----------+-------------------------------------------
     0 | D:1      | jejorda2 the Tengu Berserker began the quest for the Orb.
     0 | D:1      | Reached XP level 1. HP: 14/14 MP: 2/2
   177 | D:1      | Reached XP level 2. HP: 19/19 MP: 3/3
   491 | D:1      | Reached XP level 3. HP: 23/23 MP: 4/4
   534 | D:1      | Reached ** piety under Trog
  1166 | D:2      | Found a faded altar of an unknown god.
  1385 | D:2      | Reached XP level 4. HP: 26/28 MP: 5/5
  1424 | D:2      | Found an ornate altar of the Wu Jian Council.
  1677 | D:2      | Gained mutation: Your magical nature lets you fly swiftly
                  | and evasively. [Tengu growth]
  1677 | D:2      | Reached XP level 5. HP: 31/33 MP: 6/6
  2049 | D:3      | Found a hide-covered altar of Uskayaw.
  2139 | D:3      | Reached skill level 5 in Long Blades
  2620 | D:3      | Reached *** piety under Trog
  2996 | D:3      | Found a runed translucent gate.
  2996 | D:3      | Found a runed translucent gate.
  2996 | D:3      | Found a runed translucent gate.
  2999 | D:3      | Noticed robertstho's ghost (amateur DjFE)
  3040 | D:3      | Killed robertstho's ghost
  3041 | D:3      | Reached XP level 6. HP: 38/38 MP: 7/7
  3311 | D:4      | Reached XP level 7. HP: 39/44 MP: 8/8
  3376 | D:4      | Identified the +1 ring mail of Kosunnoq {Contam +Blink rC+}
  3465 | D:4      | Found a staircase to the Ecumenical Temple.
  3471 | D:4      | Noticed Sigmund
  3480 | D:4      | Killed Sigmund
  3481 | D:4      | Reached skill level 1 in Evocations
  3571 | D:4      | Found a radiant altar of Vehumet.
  3789 | D:5      | Entered Level 5 of the Dungeon
  3829 | D:5      | Reached skill level 5 in Fighting
  3904 | D:5      | Found a glowing drain.
  3923 | Sewer    | Entered a sewer
  3961 | Sewer    | Noticed Purgy
  3965 | Sewer    | Killed Purgy
  3966 | Sewer    | Reached skill level 5 in Dodging
  3966 | Sewer    | Reached XP level 8. HP: 49/49 MP: 9/9
  4214 | D:5      | Found a transporter.
  4219 | D:5      | Found a transporter.
  4219 | D:5      | Noticed Thraspic's ghost (weakling OpDe)
  4237 | D:5      | Reached **** piety under Trog
  4238 | D:5      | Reached skill level 5 in Short Blades
  5006 | D:6      | Noticed a troll
  5015 | D:6      | Killed a troll
  5075 | D:6      | Found a broken altar of Ashenzari.
  5097 | D:6      | Reached XP level 9. HP: 46/55 MP: 10/10
  5376 | D:6      | Found a shadowy altar of Dithmenos.
  5462 | D:6      | Identified a scroll of acquirement
  5462 | D:6      | Acquired the ring of Yfehoys {rElec SInv}
  5664 | D:7      | Reached skill level 5 in Evocations
  6366 | D:8      | Reached skill level 1 in Stealth
  6370 | D:8      | Reached XP level 10. HP: 60/60 MP: 11/11
  6471 | D:8      | Found a white marble altar of Elyvilon.
  6475 | D:8      | Found a snail-covered altar of Cheibriados.
  6611 | D:8      | Found an ancient bone altar of Kikubaaqudgha.
  6795 | D:8      | Found a hazy altar of Hepliaklqana.
  7305 | D:9      | Reached ***** piety under Trog
  7366 | D:9      | Noticed a two-headed ogre
  7377 | D:9      | Killed a two-headed ogre
  7466 | D:9      | Found a glowing silver altar of Zin.
  7466 | D:9      | Noticed an angel
  7541 | D:9      | Noticed a two-headed ogre
  7546 | D:9      | Killed a two-headed ogre
  7623 | D:9      | Found a staircase to the Orcish Mines.
  7629 | D:9      | Reached skill level 5 in Armour
  7643 | D:9      | Reached XP level 11. HP: 66/68 MP: 12/12
  7916 | D:10     | Entered Level 10 of the Dungeon
  7979 | D:10     | Reached skill level 1 in Shields
  8029 | D:10     | Noticed a two-headed ogre
  8033 | D:10     | Killed a two-headed ogre
  8193 | D:10     | Found a sparkling altar of Nemelex Xobeh.
  8233 | D:10     | Identified the +8 war axe of Uhyapsum {antimagic, Dex+2}
  8236 | D:10     | Acquired a manual of Evocations
  8480 | D:11     | Noticed a six-headed hydra
  8613 | D:11     | Killed a six-headed hydra
  8661 | D:11     | Reached skill level 5 in Shields
  8685 | D:11     | Noticed Erica
  8744 | D:11     | Noticed a two-headed ogre
  8755 | D:11     | Killed a two-headed ogre
  8832 | D:11     | Killed Erica
  8841 | D:11     | Noticed a deep elf pyromancer
  8845 | D:11     | Killed a deep elf pyromancer
  8881 | D:11     | Found a staircase to the Lair.
  9211 | D:11     | Noticed a two-headed ogre
  9217 | D:11     | Killed a two-headed ogre
  9218 | D:11     | Reached XP level 12. HP: 76/76 MP: 13/13
  9370 | D:11     | Found a glowing golden altar of the Shining One.
  9472 | Lair:1   | Entered Level 1 of the Lair of Beasts
  9635 | Lair:1   | Noticed a six-headed hydra
  9642 | Lair:1   | Killed a six-headed hydra
  9649 | Lair:1   | Noticed a five-headed hydra
  9657 | Lair:1   | Noticed a six-headed hydra
  9660 | Lair:1   | Noticed a seven-headed hydra
  9661 | Lair:1   | Slain by a yak

Illustrated notes

Levels and vault maps discovered:
D:1:      lightli_iron_boxes, layout_basic
D:2:      layout_rooms, basic_altar,
          dreamdust_ecumenical_altar_angels_and_demons,
          chequers_serial_rivers_micro_b, minmay_misc_feat_five
D:3:      layout_loops_corners, marbit_many_paths, biasface_ghost_orc_armoury,
          chequers_serial_rivers_micro_a
D:4:      layout_rooms, nicolae_vehumet_altar_sigil,
          minmay_temple_entry_crystal_x, minmay_misc_feat_room, uniq_sigmund
D:5:      layout_gridville, portal_sewer_entry_f, gammafunk_ghost_hive,
          chequers_garden, wad_woods_river_04, corexii_hall_statues_i, hex_large
D:6:      layout_gridville, evilmike_ruin_ashenzari,
          lemuel_coloured_pillars_altar
D:7:      layout_loops_ring
D:8:      layout_gridville, general_overflow_altar, kennysheep_mini_moat,
          nicolae_overflow_hidden_temple, minivault_10
D:9:      layout_gridville, zin_angel, kennysheep_orc_monster_closet_entryway,
          minivault_11, st_stairs_12
D:10:     layout_rooms, nemelex_diamond_rough_becter
D:11:     layout_roguey, erik_lair_island, nicolae_water_bricks, tso_altar,
          uniq_erica
Lair:1:   layout_concentric_octagons, beast_lair_carwin_6, grunt_megastairs_1,
          lemuel_fruit_tree

Skill      XL: |  1  2  3  4  5  6  7  8  9 10 11 12 |
---------------+-------------------------------------+-----
Long Blades    | 4 5 6 7 |  7.1
Dodging        | 3 4 5 6 9 |  9.0
Fighting       | 4 5 6 7 9 |  9.0
Short Blades   | 2 3 4 6 9 |  9.3
Evocations     | 1 3 6 |  6.0
Stealth        | 1 3 |  3.0
Armour         | 5 6 |  6.0
Shields        | 7 8 |  8.2

Action                   |  1- 3 |  4- 6 |  7- 9 | 10-12 || total
-------------------------+-------+-------+-------+-------++-------
Melee: Falchion          |    65 |    47 |       |       ||   112
       Kick              |    25 |    24 |   100 |    76 ||   225
       Peck              |    10 |    17 |    62 |    38 ||   127
       Dagger            |       |    47 |   253 |   217 ||   517
       Long sword        |       |       |       |     3 ||     3
       Scimitar          |       |       |       |    10 ||    10
Throw: Dart              |       |       |       |    11 ||    11
Invok: Berserk           |     2 |     3 |     7 |    11 ||    23
       Trog's Hand       |       |     1 |     1 |     2 ||     4
       Brothers in Arms  |       |       |       |     3 ||     3
 Abil: Evoke Blink       |       |       |       |     2 ||     2
Evoke: Wand              |       |       |       |     3 ||     3
  Use: Scroll            |       |       |    15 |    10 ||    25
       Potion            |       |       |       |     1 ||     1
 Stab: Sleeping          |     2 |     1 |       |       ||     3
Armor: Animal skin       |     2 |       |       |       ||     2
       Leather armour    |    10 |    12 |       |       ||    22
       Ring mail         |       |     8 |    47 |    51 ||   106
Dodge: Dodged            |    36 |    50 |   135 |   162 ||   383
Block: Kite shield       |       |       |       |    16 ||    16
       Rpst.: Falchion   |    14 |     7 |       |       ||    21

Table legend: (Time is in decaauts)
 A = Elapsed time spent in this place.
 B = Non-inter-level travel time spent in this place.
 C = Inter-level travel time spent in this place.
 D = Time resting spent in this place.
 E = Time spent auto-exploring this place.
 F = Levels seen in this place.
 G = Mean time per level.
                   A        B        C        D        E       F      G
               +--------+--------+--------+--------+--------+-----+--------+
         Total |   9106 |   8678 |    428 |   1128 |   5733 |  13 |  700.5 |
       Dungeon |   8777 |   8350 |    427 |   1088 |   5564 |  11 |  797.9 |
          Lair |    170 |    170 |      0 |      0 |     89 |   1 |  170.0 |
         Sewer |    157 |    157 |      0 |     40 |     79 |   1 |  157.0 |
               +--------+--------+--------+--------+--------+-----+--------+

Top non-repeatable levels by time:
     D:3: 1182 daAuts
     D:1: 1140 daAuts
     D:9: 891 daAuts
     D:5: 861 daAuts
     D:2: 821 daAuts
     D:7: 807 daAuts
    D:11: 806 daAuts
    D:10: 626 daAuts
     D:6: 554 daAuts
     D:8: 545 daAuts
     D:4: 540 daAuts
  Lair:1: 170 daAuts
   Sewer: 157 daAuts
